 Dungeon Crawl Stone Soup version 0.30-a0-782-ge64f9170bb (webtiles) character file.

Game seed: 9120347251369626596

2289 fishstickking the Cleaver (level 9, -1/72 (75) HPs)
             Began as a Hill Orc Fighter on Mar 2, 2023.
             Was a Priest of Beogh.
             Slain by a water moccasin (6 damage)
             ... on level 8 of the Dungeon.
             The game lasted 00:30:18 (6869 turns).

fishstickking the Cleaver (Hill Orc Fighter)        Turns: 6869, Time: 00:30:19

HP:   -1/72 (75)    AC: 15    Str: 21    XL:     9   Next: 40%
MP:   12/12         EV:  6    Int: 10    God:    Beogh [***...]
Gold: 289           SH:  6    Dex: 16    Spells: 12/12 levels left

rFire   . . .      SeeInvis .    a - +2 war axe (spect)
rCold   . . .      Faith    .    c - +0 buckler
rNeg    . . .      Spirit   .    h - +1 plate armour
rPois   .          Reflect  .    s - +0 helmet
rElec   .          Harm     .    (no cloak)
rCorr   +          Rampage  .    (no gloves)
Will    .....                    (no boots) Stlth
                                 (no amulet)
HPRegen 0.32/turn                e - +6 ring of dexterity
MPRegen 0.13/turn                q - ring of resist corrosion

@: lightly drained
A: no striking features
a: Renounce Religion, Smiting


You were on level 8 of the Dungeon.
You worshipped Beogh.
Beogh was most pleased with you.
You visited 1 branch of the dungeon, and saw 8 of its levels.

You collected 289 gold pieces.

Inventory:

Hand Weapons
 a - a +2 spectral war axe (weapon)
Armour
 b - a +1 scale mail
 c - a +0 buckler (worn)
 h - a +1 plate armour (worn)
 s - a +0 helmet (worn)
Jewellery
 d - a ring of poison resistance
 e - a +6 ring of dexterity (left hand)
 q - a ring of resist corrosion (right hand)
 t - a ring of willpower
 u - a ring of positive energy
Wands
 g - a wand of flame (36)
 p - a wand of iceblast (5)
 w - a wand of mindburst (16)
Scrolls
 m - a scroll of acquirement {unknown}
 n - 2 scrolls of teleportation
 r - a scroll of fog
 v - 2 scrolls of noise {unknown}
 x - a scroll of blinking {unknown}
 y - a scroll of identify
 z - a scroll of magic mapping {unknown}
Potions
 i - a potion of brilliance
 j - 2 potions of cancellation
 k - a potion of resistance
 l - 3 potions of flight
 o - 2 potions of invisibility


   Skills:
 * Level 6.0 Fighting
 * Level 10.1 Axes
 * Level 6.5 Armour
 + Level 0.3 Dodging
 + Level 0.7 Stealth
 * Level 5.5 Shields
 * Level 2.3 Spellcasting
 - Level 1.6 Fire Magic
 * Level 5.0 Invocations


You had 12 spell levels left.
You didn't know any spells.
Your spell library contained the following spells:

 Spells                   Type           Power      Damage    Failure   Level
 Apportation              Tloc           2%         N/A       100%        1
 Magic Dart               Conj           4%         1d3       100%        1
 Necrotise                Necr           4%         1d4       100%        1
 Shock                    Conj/Air       4%         1d3       100%        1
 Summon Small Mammal      Summ           4%         N/A       100%        1
 Call Imp                 Summ           1%         N/A       100%        2
 Cigotuvi's Dreadful Rot  Necr/Pois/Air  2%         N/A       100%        2
 Momentum Strike          Conj/Tloc      2%         3d8       100%        2
 Static Discharge         Conj/Air       2%         2-3/arc   100%        2
 Sublimation of Blood     Necr           1%         N/A       100%        2
 Ignite Poison            Fire/Tmut/Pois 2%         N/A       100%        3
 Mephitic Cloud           Conj/Pois/Air  1%         N/A       100%        3
 Swiftness                Air            1%         N/A       100%        3
 Airstrike                Air            0%         2d(1-17)  100%        4
 Dispel Undead            Necr           1%         3d6       100%        4
 Petrify                  Tmut/Erth      1%         N/A       100%        4
 Sticky Flame             Conj/Fire      2%         2d3       100%        4
 Borgnjor's Vile Clutch   Necr/Erth      0%         N/A       100%        5
 Irradiate                Conj/Tmut      0%         3d11      100%        5
 Death Channel            Necr           0%         N/A       100%        6
 Ignition                 Fire           2%         3d3       100%        8
 Chain Lightning          Conj/Air       0%         2d1       100%        9


Dungeon Overview and Level Annotations

Branches:
Dungeon (8/15)             Temple (0/1) D:5            Lair (0/5) D:8

Altars:
Wu Jian

Shops:
D:3 *

Annotations:
D:8 Grum


Message History

You feel yourself speed up.
The water moccasin bites you but does no damage.
Grum looks in disgust and growls, "You ain't no friend of mine."
Grum hits you from afar with a +1 spear!
* * * LOW HITPOINT WARNING * * *
Found a long smoking staff.
Found a whip.
Grum stares intently and grunts.
Grum points his finger and snarls, "Attack!"
Found 4 javelins.
You see here 4 javelins.
Found a pair of boots.
Found 3 stones.
Found a book of Blasting and 6 stones.
Found a stone staircase leading down.
Your extra speed is starting to run out.
Found a staircase to the Lair.
A wight comes into view. It is wielding a +6 falchion.
Found a twisted pearl ring.
You feel yourself slow down. 2 wights come into view.
A wight is wielding a +0 battleaxe and wearing a +0 robe of willpower.
Found 5 stones.
Found an escape hatch in the floor.
The wight moves out of view.
Found a potion of resistance.
The wight hits you with a +6 falchion.
* * * LOW HITPOINT WARNING * * *
You feel drained. The wight hits you with a +0 battleaxe.
* * * LOW HITPOINT WARNING * * *
You feel drained.
The water moccasin attacks as you move away!
The water moccasin bites you.
* * * LOW HITPOINT WARNING * * *
The water moccasin bites you but does no damage.
A wight comes into view. It is wielding a +3 battleaxe.
Found a scroll of butterflies.
The wight moves out of view.
The water moccasin attacks as you move away!
The water moccasin bites you.
You die...

######## #...S...
#.###### #.# ##..
###S###...
########.........
###.zzz..#.#.......
#.@S#..............
#!..#.....>........
#...#..#.#......###
#..................
#.>.####.#.#......#
..(.. ....#.#.....
...... ....#=##....
..?....... .. ....


You could see a water moccasin and 3 wights.

Vanquished Creatures
  Grinder (D:3)
  A black bear (D:6)
  2 ogres (D:6)
  4 wolves (D:8)
  2 kobold brigands (D:6)
  A scorpion (D:6)
  2 bullfrogs
  6 killer bees (D:7)
  6 hounds
  3 jellies
  3 orc priests
  A gnoll bouda (D:7)
  3 iguanas
  Terence (D:3)
  4 orc wizards (D:6)
  12 adders
  5 gnolls (D:7)
  3 shadow imps (D:7)
  A white imp (D:7)
  3 ufetubi
  A worm (D:3)
  A dart slug (D:2)
  19 orcs
  7 endoplasms
  7 giant cockroaches
  6 goblins
  3 hobgoblins
  9 jackals
  16 kobolds
  3 quokkas
  6 ball pythons
  4 bats
  3 frilled lizards
  4 rats (D:1)
153 creatures vanquished.

Vanquished Creatures (others)
  Ijyb (D:5)
  A frilled lizard (D:3)
  A kobold (D:3)
  3 plants (D:1)
6 creatures vanquished.

Grand Total: 159 creatures vanquished

Notes
Turn   | Place    | Note
-------+----------+-------------------------------------------
     0 | D:1      | fishstickking the Hill Orc Fighter began the quest for the
                  | Orb.
     0 | D:1      | Reached XP level 1. HP: 19/19 MP: 1/1
   213 | D:1      | Reached XP level 2. HP: 22/27 MP: 2/2
   464 | D:1      | Reached skill level 3 in Axes
   556 | D:1      | Reached XP level 3. HP: 33/33 MP: 3/3
  1307 | D:2      | Reached skill level 1 in Invocations
  1331 | D:2      | Found a faded altar of an unknown god.
  1369 | D:2      | Reached XP level 4. HP: 41/41 MP: 4/4
  1378 | D:2      | Got Wyf Yfo's Enchiridion on Stony Battle Magic
  1712 | D:3      | Reached skill level 4 in Axes
  1778 | D:3      | Found Jiolof's Assorted Antiques.
  1779 | D:3      | Noticed Terence
  1785 | D:3      | Killed Terence
  1818 | D:3      | Noticed Grinder
  1826 | D:3      | Reached XP level 5. HP: 47/47 MP: 6/6
  1826 | D:3      | Paralysed by Grinder for 2 turns
  1836 | D:3      | Killed Grinder
  1837 | D:3      | Reached skill level 5 in Axes
  1837 | D:3      | Reached skill level 1 in Fire Magic
  1837 | D:3      | Reached XP level 6. HP: 30/53 MP: 7/7
  1990 | D:3      | Became a worshipper of Beogh the Brigand
  2242 | D:3      | Found an ornate altar of the Wu Jian Council.
  3197 | D:5      | Entered Level 5 of the Dungeon
  3218 | D:5      | Reached XP level 7. HP: 58/60 MP: 9/9
  3234 | D:5      | Reached skill level 6 in Axes
  3235 | D:5      | Reached * piety under Beogh
  3249 | D:5      | Noticed Ijyb
  3253 | D:5      | Killed Ijyb
  3429 | D:5      | Reached skill level 1 in Spellcasting
  3882 | D:5      | Found a staircase to the Ecumenical Temple.
  4958 | D:6      | Reached skill level 5 in Armour
  4994 | D:6      | Reached skill level 5 in Fighting
  4994 | D:6      | Reached skill level 7 in Axes
  5025 | D:6      | Reached XP level 8. HP: 63/68 MP: 10/10
  5059 | D:6      | Reached ** piety under Beogh
  5170 | D:6      | Reached skill level 8 in Axes
  5191 | D:6      | Reached skill level 5 in Shields
  6055 | D:7      | Reached skill level 9 in Axes
  6108 | D:7      | Reached XP level 9. HP: 70/74 MP: 12/12
  6361 | D:7      | Reached *** piety under Beogh
  6365 | D:7      | HP: 3/75 [poisoned by a killer bee]
  6777 | D:8      | Noticed Grum
  6795 | D:8      | Reached skill level 5 in Invocations
  6797 | D:8      | Reached skill level 10 in Axes
  6803 | D:8      | HP: 1/75 [Grum/+1 spear (8)]
  6859 | D:8      | Found a staircase to the Lair.
  6869 | D:8      | Slain by a water moccasin

Illustrated notes

Levels and vault maps discovered:
D:1:      denvon_arrival_planthouse, layout_loops_cross, st_stairs_11
D:2:      layout_loops_corners, shapermc_ecumenical_altar_mp_vishouse
D:3:      layout_loops_cross, mainiacjoe_overflow_alcove_1, serial_shops,
          nicolae_square_shop, nicolae_hexahallways, uniq_grinder, uniq_terence
D:4:      layout_cave_pools, kennysheep_generic_room_7
D:5:      layout_layer_cave, minmay_temple_entry_antechambers, uniq_ijyb
D:6:      layout_loops_ring, minmay_misc_feat_chi
D:7:      layout_loops_ring, hangedman_decor_slide_cut
D:8:      nicolae_cairo_tiling_large_dashed, layout_basic,
          minmay_manual_monstrance, uniq_grum, uniq_prince_ribbit1, uniq_maggie,
          uniq_joseph

Skill      XL: |  1  2  3  4  5  6  7  8  9 |
---------------+----------------------------+-----
Axes           | 3 4 5 7 9 10 | 10.1
Fighting       | 4 5 6 |  6.0
Invocations    | 1 2 3 4 5 |  5.0
Armour         | 4 5 6 |  6.5
Shields        | 4 5 |  5.5
Fire Magic     | 1 |  1.6
Spellcasting   | 1 2 |  2.3
Dodging        | |  0.3
Stealth        | |  0.7

Action                     |  1- 3 |  4- 6 |  7- 9 || total
---------------------------+-------+-------+-------++-------
  Melee: War axe           |    84 |    68 |   199 ||   351
 Invoke: Convert to Beogh  |       |     1 |       ||     1
    Use: Scroll            |     3 |     7 |     4 ||    14
         Potion            |     2 |     7 |     8 ||    17
   Stab: Distracted        |       |     1 |       ||     1
 Armour: Scale mail        |    33 |     2 |       ||    35
         Plate armour      |       |    36 |   106 ||   142
  Dodge: Dodged            |    36 |    31 |    56 ||   123
  Block: Buckler           |    21 |    31 |    58 ||   110

Table legend: (Time is in decaauts)
 A = Elapsed time spent in this place.
 B = Non-inter-level travel time spent in this place.
 C = Inter-level travel time spent in this place.
 D = Time resting spent in this place.
 E = Time spent auto-exploring this place.
 F = Levels seen in this place.
 G = Mean time per level.
                   A        B        C        D        E       F      G
               +--------+--------+--------+--------+--------+-----+--------+
         Total |   6922 |   6643 |    279 |    712 |   3795 |   8 |  865.2 |
       Dungeon |   6922 |   6643 |    279 |    712 |   3795 |   8 |  865.2 |
               +--------+--------+--------+--------+--------+-----+--------+

Top non-repeatable levels by time:
     D:5: 1748 daAuts
     D:7: 1150 daAuts
     D:3: 1002 daAuts
     D:2: 906 daAuts
     D:1: 781 daAuts
     D:6: 701 daAuts
     D:4: 545 daAuts
     D:8: 88 daAuts
